Map: 자가나타 - 래더

Players

llllllllllll

  • Race: Protoss Protoss
  • League: Grandmaster
  • Spawn Location: 1:00

llllllllllll - Winner!

  • Race: Protoss Protoss
  • League: Master
  • Spawn Location: 7:00

VOD

Have the link to the VOD?

Description

Time

  • Played on: Nov. 5, 2020, 1:46 a.m.
  • Length: 8:32
Show
View Real Time Build Order
Export as new Build Order

llllllllllll Protoss 

Build Orders: Blink Stalkers 

Get SALT Encoding   

  12  0:00  Probe  
  13  0:12  Probe  
  14  0:18  Pylon  
  14  0:24  Probe (Chrono Boost)  
  15  0:38  Probe (Chrono Boost)  
  15  0:39  Gateway  
  16  0:44  Probe (Chrono Boost)  
  16  0:48  Assimilator  
  17  0:52  Probe  
  17  0:56  Assimilator  
  18  1:04  Probe (Chrono Boost)  
  18  1:09  Gateway  
  19  1:14  Probe (Chrono Boost)  
  20  1:19  Probe (Chrono Boost)  
  21  1:29  Cybernetics Core  
  21  1:33  Probe  
  21  1:36  Pylon  
  22  1:45  Probe  
  23  1:57  Probe  
  24  2:03  Warp Gate (Chrono Boost)  
  24  2:05  Stalker x2  
  28  2:09  Probe  
  29  2:16  Pylon  
  29  2:26  Pylon  
  29  2:27  Probe  
  30  2:39  Sentry  
  30  2:42  Sentry  
  34  2:53  Probe, Nexus  
  35  3:02  Shield Battery  
  35  3:05  Probe  
  36  3:18  Probe  
  36  3:26  Twilight Council  
  34  3:30  Probe  
  33  3:37  Gateway  
  33  3:38  Shield Battery  
  33  3:43  Stalker  
  33  3:46  Stalker  
  37  3:50  Probe  
  38  3:58  Blink (Chrono Boost)  
  38  4:02  Probe  
  39  4:05  Probe  
  39  4:07  Sentry  
  42  4:15  Stalker  
  45  4:17  Probe (Chrono Boost)  
  45  4:22  Probe (Chrono Boost)  
  47  4:33  Robotics Facility  
  47  4:37  Stalker x2  
  49  4:46  Stalker  
  41  5:00  Pylon  
  41  5:02  Pylon  
  41  5:04  Probe  
  42  5:07  Probe  
  43  5:16  Probe  
  43  5:19  Probe  
  45  5:28  Probe  
  46  5:30  Stalker  
  46  5:31  Probe  
  46  5:33  Sentry  
  51  5:40  Probe  
  52  5:44  Probe  
  53  5:52  Probe  
  53  5:53  Stalker  
  53  5:56  Probe  
  57  5:57  Robotics Facility  
  57  5:58  Pylon  
  57  6:00  Pylon  
  57  6:04  Probe  
  57  6:08  Probe  
  57  6:10  Stalker  
  61  6:12  Assimilator  
  61  6:16  Probe  
  61  6:18  Gateway  
  62  6:20  Probe, Stalker  
  65  6:29  Probe (Chrono Boost)  
  65  6:31  Stalker  
  68  6:34  Probe (Chrono Boost)  
  69  6:41  Pylon, Probe (Chrono Boost)  
  69  6:45  Probe (Chrono Boost)  
  70  6:49  Observer  
  70  6:50  Probe (Chrono Boost), Stalker x2  
  70  6:52  Probe (Chrono Boost)  
  70  6:53  Pylon  
  77  7:00  Probe  
  78  7:02  Pylon  
  78  7:10  Warp Prism (Chrono Boost)  
  78  7:12  Pylon  
  80  7:22  Stalker x2  
  81  7:27  Stalker  
  81  7:28  Stalker  
  87  7:38  Probe  
  87  7:42  Observer (Chrono Boost)  
  89  7:46  Stalker x2  
  93  7:52  Stalker  
  93  8:03  Stalker  
  93  8:05  Probe  
  90  8:14  Stalker x2  
  90  8:16  Zealot  
Show
View Real Time Build Order
Export as new Build Order

llllllllllll Protoss - Winner!

Build Orders: Archon Immortal 

Get SALT Encoding   

  12  0:00  Probe  
  13  0:12  Probe  
  14  0:17  Pylon  
  14  0:24  Probe (Chrono Boost)  
  15  0:36  Probe (Chrono Boost)  
  15  0:37  Gateway  
  16  0:45  Probe (Chrono Boost)  
  16  0:47  Assimilator  
  17  0:51  Probe  
  18  0:59  Assimilator  
  18  1:03  Probe (Chrono Boost)  
  19  1:09  Gateway  
  19  1:13  Probe (Chrono Boost)  
  19  1:18  Probe (Chrono Boost)  
  21  1:25  Cybernetics Core  
  21  1:29  Probe  
  22  1:38  Pylon  
  22  1:41  Probe  
  23  1:56  Probe  
  24  2:01  Stalker x2  
  24  2:05  Warp Gate  
  28  2:14  Pylon  
  28  2:28  Pylon  
  28  2:33  Stalker  
  28  2:36  Stalker  
  32  2:45  Robotics Facility  
  32  3:13  Nexus  
  32  3:19  Sentry  
  34  3:20  Sentry  
  34  3:23  Probe  
  36  3:30  Warp Prism (Chrono Boost)  
  38  3:40  Pylon  
  38  3:46  Probe  
  39  3:58  Probe (Chrono Boost), Adept  
  39  3:59  Adept  
  39  4:01  Observer  
  46  4:10  Pylon, Probe (Chrono Boost)  
  46  4:16  Probe (Chrono Boost)  
  45  4:37  Stalker x2  
  49  4:39  Probe x2  
  51  4:47  Immortal  
  51  4:51  Probe x2  
  53  5:05  Probe (Chrono Boost)  
  55  5:07  Shield Battery  
  55  5:08  Probe (Chrono Boost)  
  55  5:10  Adept  
  55  5:12  Sentry  
  59  5:15  Probe (Chrono Boost)  
  59  5:17  Probe (Chrono Boost)  
  59  5:20  Probe  
  61  5:27  Immortal  
  66  5:32  Pylon  
  66  5:33  Sentry  
  68  5:36  Probe  
  68  5:37  Probe  
  70  5:45  Pylon  
  70  5:47  Twilight Council  
  70  5:50  Probe  
  70  5:52  Probe  
  72  5:57  Forge  
  72  5:59  Assimilator  
  72  6:03  Assimilator  
  72  6:09  Stalker x2  
  76  6:11  Probe  
  76  6:12  Probe  
  78  6:18  Immortal (Chrono Boost)  
  78  6:22  Protoss Ground Weapons Level 1 (Chrono Boost)  
  82  6:28  Pylon  
  82  6:32  Probe x2, Charge (Chrono Boost)  
  84  6:48  Gateway x2  
  84  6:51  Probe  
  85  7:01  Nexus  
  85  7:10  Immortal  
  89  7:15  Templar Archives  
  89  7:19  Pylon  
  89  7:35  Gateway  
  89  7:40  Gateway  
  89  7:42  Zealot x3  
  89  7:43  Zealot  
  97  7:51  Gateway  
  97  7:54  Gateway  
  95  8:04  High Templar x4  
  101  8:08  Archon  
  101  8:09  Archon  
  101  8:10  Probe  
  101  8:12  Probe  
  90  8:29  Zealot  
Tags
 
Add a new tag
Caveats
  • Supply blocks, unpowered buildings, or Contaminate may cause inaccurate times.
  • Supply counts are checked every 10 seconds.